[Event "ICC tourney 2260 (3 2)"]
[Site "Internet Chess Club"]
[Date "2020.12.31"]
[Round "1"]
[White "Tombstone"]
[Black "Purushottam123"]
[Result "1/2-1/2"]
[ICCResult "Game drawn by repetition"]
[WhiteElo "1990"]
[BlackElo "1663"]
[Opening "Queen's pawn game"]
[ECO "E10"]
[NIC "QI.01"]
[Time "12:02:57"]
[PlyCount "125"]
[TimeControl "180+2"]

1. d4 Nf6 2. c4 e6 3. Nf3 d5 4. g3 c6 5. Nbd2 Nbd7 6. Bg2 Bd6 7. O-O O-O 8.
Qc2 Re8 9. e4 dxe4 10. Nxe4 Nxe4 11. Qxe4 Nf6 12. Qc2 b6 13. Ne5 Bb7 14.
Nxc6 Qc7 15. d5 exd5 16. cxd5 Rac8 17. Bg5 Nxd5 18. Bxd5 Bxc6 19. Bxc6 Qxc6
20. Qb3 Re5 21. Rac1 Bc5 22. Bf4 Re2 23. Be3 Qf3 24. Bxc5 Qxb3 25. axb3
Rxc5 26. Rxc5 bxc5 27. Rc1 Rxb2 28. Rxc5 g6 29. Rc8+ Kg7 30. Rb8 a5 31. Ra8
Rxb3 32. Rxa5 Kf6 33. Ra6+ Kf5 34. Kg2 Rb2 35. Rc6 h5 36. h4 Rd2 37. Kf3
Rd3+ 38. Ke2 Ra3 39. Rb6 Ra2+ 40. Kf3 Ra3+ 41. Kg2 Ra2 42. Rb7 Kf6 43. Rb6+
Kf5 44. Rb5+ Ke6 45. Rb4 Ra3 46. Rf4 f5 47. Rb4 Rd3 48. Rb6+ Rd6 49. Rb8
Rd2 50. Kf3 Rd3+ 51. Kf4 Rd2 52. f3 Rg2 53. Rb7 Kf6 54. Rb6+ Kf7 55. Rc6
Rd2 56. Kg5 Rg2 57. Rc7+ Ke6 58. Kf4 Kf6 59. Rc6+ Kf7 60. Rc7+ Kf6 61. Rc6+
Kf7 62. Rc7+ Kf6 63. Rc6+ { Game drawn by repetition } 1/2-1/2

[Event "ICC tourney 2260 (3 2)"]
[Site "Internet Chess Club"]
[Date "2020.12.31"]
[Round "1"]
[White "uzkuzk"]
[Black "ThirstyMonster"]
[Result "0-1"]
[ICCResult "White resigns"]
[WhiteElo "1809"]
[BlackElo "1283"]
[Opening "Saragossa opening"]
[ECO "A00"]
[NIC "VO.12"]
[Time "12:03:05"]
[PlyCount "92"]
[TimeControl "180+2"]

1. c3 c5 2. d4 cxd4 3. cxd4 d5 4. Nc3 Nf6 5. Bg5 Nc6 6. e3 Bg4 7. Be2 Bxe2
8. Ngxe2 e6 9. O-O Be7 10. Bxf6 Bxf6 11. Rc1 O-O 12. Qb3 Qd7 13. Na4 Be7
14. Nc5 Bxc5 15. Rxc5 Rfc8 16. Rfc1 Ne7 17. Nf4 Rxc5 18. Rxc5 Rc8 19. Nd3
b6 20. Ne5 Qd8 21. Rxc8 Qxc8 22. Qc3 Qxc3 23. bxc3 Kf8 24. Kf1 Ke8 25. Ke2
Ng6 26. Nxg6 hxg6 27. Kd3 Kd7 28. c4 Kc6 29. Kc3 dxc4 30. Kxc4 a6 31. a4 f6
32. f3 Kd6 33. e4 Kc6 34. h4 Kd6 35. g4 Kc6 36. h5 gxh5 37. gxh5 Kd6 38. f4
f5 39. exf5 exf5 40. d5 b5+ 41. axb5 axb5+ 42. Kd4 b4 43. Kc4 b3 44. Kxb3
Kxd5 45. Kc3 Ke4 46. Kd2 Kxf4 { White resigns } 0-1

[Event "ICC tourney 2260 (3 2)"]
[Site "Internet Chess Club"]
[Date "2020.12.31"]
[Round "1"]
[White "MChessy"]
[Black "Kokosnuss1000"]
[Result "1/2-1/2"]
[ICCResult "White stalemated"]
[WhiteElo "1950"]
[BlackElo "1600"]
[Opening "Ruy Lopez: closed, anti-Marshall 8.a4"]
[ECO "C88"]
[NIC "RL.18"]
[Time "12:02:41"]
[PlyCount "112"]
[TimeControl "180+2"]

1. e4 e5 2. Nf3 Nc6 3. Bb5 a6 4. Ba4 Nf6 5. O-O Be7 6. Re1 b5 7. Bb3 O-O 8.
a4 bxa4 9. Bxa4 Bb7 10. d3 d6 11. Nc3 d5 12. Bxc6 Bxc6 13. exd5 Nxd5 14.
Nxd5 Bxd5 15. Nxe5 Qd6 16. Qg4 Bf6 17. Nf3 Rae8 18. Rxe8 Rxe8 19. Bf4 Qe6
20. Qxe6 Rxe6 21. Rxa6 Rxa6 22. h3 Bxf3 23. gxf3 Ra2 24. Bxc7 Rxb2 25. c4
Rd2 26. c5 Rxd3 27. Kg2 Bd8 28. Bd6 Rc3 29. Kg3 f6 30. Kf4 Kf7 31. Ke4 Be7
32. Kd5 Bxd6 33. Kxd6 Ke8 34. c6 Kd8 35. f4 Rd3+ 36. Kc5 Rxh3 37. Kd6 Rh2
38. c7+ Kc8 39. f3 Rf2 40. Ke7 h5 41. Kf7 h4 42. Kxg7 Rxf3 43. Kxf6 Rxf4+
44. Kg5 h3 45. Kxf4 h2 46. Kg4 h1=Q 47. Kg3 Kxc7 48. Kf2 Qh3 49. Kg1 Kd6
50. Kf2 Ke5 51. Kg1 Kf4 52. Kf2 Qe3+ 53. Kf1 Qg3 54. Ke2 Ke4 55. Kf1 Qf3+
56. Ke1 Ke3 { White stalemated } 1/2-1/2

[Event "ICC tourney 2260 (3 2)"]
[Site "Internet Chess Club"]
[Date "2020.12.31"]
[Round "1"]
[White "tigerche207"]
[Black "Kinawa"]
[Result "1-0"]
[ICCResult "Black forfeits on time"]
[WhiteElo "1934"]
[BlackElo "1535"]
[Opening "Caro-Kann: Steinitz variation"]
[ECO "B17"]
[NIC "CK.08"]
[Time "12:02:53"]
[PlyCount "85"]
[TimeControl "180+2"]

1. e4 c6 2. d4 d5 3. Nc3 dxe4 4. Nxe4 Nd7 5. Nf3 Ngf6 6. Bd3 Nxe4 7. Bxe4
Nf6 8. Bd3 Bg4 9. c3 e6 10. h3 Bh5 11. O-O Bd6 12. Re1 O-O 13. Bg5 Bc7 14.
Qe2 Bxf3 15. Qxf3 Qd6 16. Bxf6 gxf6 17. Qxf6 Qh2+ 18. Kf1 Qf4 19. Qxf4 Bxf4
20. g3 Bh6 21. Re5 Rad8 22. Rh5 Kg7 23. g4 Rd5 24. Rxd5 cxd5 25. Kg2 Bf4
26. Kf3 Bd6 27. Ke3 h6 28. f4 a5 29. Rg1 f6 30. h4 Kf7 31. g5 fxg5 32. fxg5
hxg5 33. hxg5 Kg7 34. g6 Bf4+ 35. Ke2 Bh6 36. Rh1 Rf6 37. b4 axb4 38. cxb4
Rf4 39. b5 Rxd4 40. Rf1 Rf4 41. Rb1 Rd4 42. Rb3 e5 43. Rc3 { Black forfeits
on time } 1-0

[Event "ICC tourney 2260 (3 2)"]
[Site "Internet Chess Club"]
[Date "2020.12.31"]
[Round "1"]
[White "DFKnights"]
[Black "falcongw"]
[Result "1-0"]
[ICCResult "Black checkmated"]
[WhiteElo "1802"]
[BlackElo "1256"]
[Opening "Sicilian"]
[ECO "B50"]
[NIC "SI.01"]
[Time "12:03:01"]
[PlyCount "151"]
[TimeControl "180+2"]

1. e4 c5 2. Nf3 d6 3. Bc4 e6 4. O-O Nf6 5. Re1 Nc6 6. c3 a6 7. a4 Be7 8.
Na3 O-O 9. Nc2 Qc7 10. Bf1 d5 11. e5 Nd7 12. d4 cxd4 13. cxd4 Nb6 14. b3
Na5 15. Ne3 Bd7 16. Bd2 Nc6 17. Rc1 Rac8 18. h4 Qd8 19. g3 Bb4 20. Rxc6
Bxc6 21. Bxb4 Re8 22. Qd2 h6 23. Ba5 Bd7 24. Qb4 Rc6 25. Qd2 Qe7 26. Bb4
Qd8 27. Bc5 Bc8 28. Rc1 Nd7 29. Bb4 Rxc1 30. Qxc1 b6 31. Ng4 Bb7 32. Qf4
Nf8 33. h5 Nh7 34. Bd3 Ng5 35. Nxg5 Qxg5 36. Qxg5 hxg5 37. Bd2 Rc8 38. Kf1
Ra8 39. Ke1 Bc6 40. Bxg5 b5 41. a5 b4 42. Bd2 Bb5 43. Bxb5 axb5 44. Bxb4
Kh7 45. Kd2 Rc8 46. Bc5 Rc6 47. Kc3 f5 48. exf6 gxf6 49. Nxf6+ Kg7 50. Ng4
Kh7 51. Kb4 Rc7 52. Kxb5 Kg8 53. a6 Kf7 54. a7 Rc8 55. Ka6 Ke8 56. Kb7 Kd7
57. a8=Q Rxa8 58. Kxa8 e5 59. Nxe5+ Ke6 60. g4 Kf6 61. Nf3 Kg7 62. Kb7 Kh8
63. Kc6 Kh7 64. Kxd5 Kg7 65. b4 Kh7 66. b5 Kg7 67. b6 Kh7 68. b7 Kg7 69.
b8=Q Kh7 70. Qd6 Kh8 71. Qh6+ Kg8 72. Qg6+ Kh8 73. Qf6+ Kh7 74. Ng5+ Kg8
75. Qf7+ Kh8 76. Qh7# { Black checkmated } 1-0

[Event "ICC tourney 2260 (3 2)"]
[Site "Internet Chess Club"]
[Date "2020.12.31"]
[Round "1"]
[White "hggonzalezzss"]
[Black "miyzhang"]
[Result "1-0"]
[ICCResult "Black checkmated"]
[WhiteElo "1767"]
[BlackElo "1227"]
[Opening "Ruy Lopez: Anderssen variation"]
[ECO "C77"]
[NIC "RL.12"]
[Time "12:03:00"]
[PlyCount "83"]
[TimeControl "180+2"]

1. e4 e5 2. Nf3 Nc6 3. Bb5 a6 4. Ba4 Nf6 5. d3 Bc5 6. Bg5 h6 7. Bh4 d6 8.
h3 Be6 9. Nc3 Ba7 10. O-O g5 11. Nxg5 hxg5 12. Bxg5 Rg8 13. h4 b5 14. Bb3
Nb8 15. Kh1 Nbd7 16. Nd5 Bxd5 17. Bxd5 Rb8 18. f4 exf4 19. Rxf4 Ne5 20.
Bxf6 Qd7 21. Bxe5 dxe5 22. Rxf7 Qd6 23. Qh5 Kd8 24. Raf1 Rb6 25. R1f6 Qc5
26. Qxe5 Rxf6 27. Qxf6+ Kc8 28. Qf5+ Kb8 29. Qf1 Qd6 30. Rf6 Qd8 31. Bxg8
Qxg8 32. Rf8+ Qxf8 33. Qxf8+ Kb7 34. h5 Kc6 35. h6 Kb7 36. h7 Kb6 37. h8=Q
Kc6 38. Qhf6+ Kb7 39. Qe6 Bb6 40. Qfc8+ Ka7 41. Qc6 Ba5 42. Q6b7# { Black
checkmated } 1-0

[Event "ICC tourney 2260 (3 2)"]
[Site "Internet Chess Club"]
[Date "2020.12.31"]
[Round "1"]
[White "JensenUVA"]
[Black "Heliosis"]
[Result "1-0"]
[ICCResult "Black forfeits on time"]
[WhiteElo "1516"]
[BlackElo "1880"]
[Opening "QGD: Tarrasch, Prague variation, Normal position"]
[ECO "E01"]
[NIC "TD.04"]
[Time "12:02:50"]
[PlyCount "97"]
[TimeControl "180+2"]

1. d4 Nf6 2. c4 e6 3. g3 d5 4. Bg2 c5 5. cxd5 exd5 6. Nf3 Nc6 7. O-O Be7 8.
Nc3 O-O 9. b3 h6 10. Bb2 Bf5 11. Rc1 Rc8 12. dxc5 d4 13. Nb5 d3 14. Nh4
dxe2 15. Qxe2 Bd3 16. Qe3 Bxb5 17. Rfd1 Qc7 18. Nf5 Rfe8 19. Qc3 Rcd8 20.
g4 Be2 21. Rxd8 Bxd8 22. f3 Ba6 23. Nd6 Re2 24. h4 Be7 25. g5 hxg5 26. hxg5
Nh5 27. Nf5 f6 28. Nxe7+ Qxe7 29. gxf6 Nxf6 30. Rf1 Re3 31. Qd2 Bxf1 32.
Bxf1 Re1 33. Bxf6 gxf6 34. Kf2 Re5 35. Bd3 Rg5 36. f4 Rg7 37. Bc4+ Kf8 38.
Qd5 Nd8 39. b4 Nf7 40. b5 Rh7 41. c6 Rh2+ 42. Kg3 Rh7 43. cxb7 Rg7+ 44. Kf3
Qe8 45. Qc5+ Kg8 46. Qc7 Kh7 47. b8=Q Ne5+ 48. fxe5 Rxc7 49. Qxc7+ { Black
forfeits on time } 1-0

[Event "ICC tourney 2260 (3 2)"]
[Site "Internet Chess Club"]
[Date "2020.12.31"]
[Round "1"]
[White "andrewj508"]
[Black "dashrndrx1"]
[Result "1-0"]
[ICCResult "Black checkmated"]
[WhiteElo "1270"]
[BlackElo "1803"]
[Opening "Dutch"]
[ECO "A80"]
[NIC "HD.12"]
[Time "12:02:53"]
[PlyCount "85"]
[TimeControl "180+2"]

1. d4 f5 2. Bf4 Nf6 3. e3 g6 4. Nf3 Bg7 5. c3 O-O 6. Nbd2 h6 7. Bg3 d6 8.
Bc4+ Kh7 9. O-O Nbd7 10. Re1 Qe8 11. Nf1 e5 12. dxe5 dxe5 13. Qc2 Ne4 14.
Rad1 Nd6 15. Bb3 Nc5 16. Re2 Nxb3 17. axb3 Kg8 18. N1d2 g5 19. h3 f4 20.
exf4 gxf4 21. Bh2 Bf5 22. Qc1 Qg6 23. Kh1 Bd3 24. Nxe5 Bxe5 25. Rxe5 f3 26.
Nxf3 Ne4 27. Kg1 Rxf3 28. Bg3 Rxg3 29. fxg3 Qxg3 30. Re6 Qf2+ 31. Kh2 Qg3+
32. Kg1 Ng5 33. Re3 Nxh3+ 34. Kh1 Nf2+ 35. Kg1 Qh4 36. Rexd3 Nxd3 37. Rxd3
Rf8 38. Qd2 Qf6 39. Rg3+ Kh7 40. Qd3+ Qf5 41. Qd4 Qf1+ 42. Kh2 Qf4 43. Qg7#
{ Black checkmated } 1-0

[Event "ICC tourney 2260 (3 2)"]
[Site "Internet Chess Club"]
[Date "2020.12.31"]
[Round "1"]
[White "Viking21"]
[Black "MehPlayer"]
[Result "1-0"]
[ICCResult "Black checkmated"]
[WhiteElo "1905"]
[BlackElo "1528"]
[Opening "Sicilian: Alapin's variation (2.c3)"]
[ECO "B22"]
[NIC "SI.46"]
[Time "12:02:50"]
[PlyCount "97"]
[TimeControl "180+2"]

1. e4 c5 2. c3 d5 3. exd5 Qxd5 4. d4 Nf6 5. Nf3 Nc6 6. Na3 Bg4 7. Be2 cxd4
8. Nb5 O-O-O 9. cxd4 Bxf3 10. gxf3 a6 11. Nc3 Qxd4 12. Qb3 e5 13. Be3 Qb4
14. Qxf7 Qxb2 15. O-O Qxc3 16. Rfc1 Qa5 17. Rxc6+ bxc6 18. Qa7 Qc7 19. Qa8+
Kd7 20. Rd1+ Bd6 21. Qxa6 Nd5 22. Bg5 Ra8 23. Qd3 Rhf8 24. Qxh7 Rf7 25. f4
Nxf4 26. Bg4+ Ne6 27. Qg6 Rf6 28. Qxg7+ Kc8 29. Bxf6 Qxg7 30. Bxg7 Kc7 31.
Bxe6 Re8 32. Bb3 c5 33. h4 Kc6 34. h5 Kb5 35. h6 c4 36. Bxc4+ Kxc4 37. h7
e4 38. Rxd6 Kb4 39. h8=Q Rxh8 40. Bxh8 e3 41. fxe3 Ka3 42. e4 Kxa2 43. e5
Ka3 44. Rb6 Ka4 45. e6 Ka5 46. Rb1 Ka6 47. e7 Ka7 48. e8=Q Ka6 49. Qa8# {
Black checkmated } 1-0

[Event "ICC tourney 2260 (3 2)"]
[Site "Internet Chess Club"]
[Date "2020.12.31"]
[Round "1"]
[White "marinaxiao"]
[Black "Udonramen"]
[Result "1-0"]
[ICCResult "Black resigns"]
[WhiteElo "1556"]
[BlackElo "1947"]
[Opening "Sicilian: dragon, classical, 9.Nb3"]
[ECO "B74"]
[NIC "SI.16"]
[Time "12:02:50"]
[PlyCount "99"]
[TimeControl "180+2"]

1. e4 c5 2. Nf3 d6 3. d4 cxd4 4. Nxd4 Nf6 5. Nc3 g6 6. Be3 Bg7 7. Be2 O-O
8. Nb3 Nc6 9. O-O Bd7 10. Qe1 a6 11. f4 b5 12. a3 Qc7 13. Qg3 Na5 14. Nxa5
Qxa5 15. Bf3 Rab8 16. e5 Ne8 17. Qf2 dxe5 18. fxe5 Bxe5 19. Nd5 Qd8 20. Bb6
Nc7 21. Qc5 Ne6 22. Nxe7+ Kg7 23. Qxe5+ f6 24. Bxd8 fxe5 25. Ba5 Nd4 26.
Rac1 Rbe8 27. Nd5 Bc6 28. Nc3 e4 29. Bg4 h5 30. Bh3 g5 31. Rxf8 Rxf8 32.
Bb6 Ne6 33. Bxe6 Rf6 34. Bd4 Kg6 35. Bxf6 Kxf6 36. Bh3 g4 37. Bxg4 hxg4 38.
Re1 Ke5 39. Kf2 a5 40. Kg3 b4 41. axb4 axb4 42. Na2 b3 43. cxb3 Kd4 44.
Kxg4 e3 45. g3 Kd3 46. Nc3 Kd2 47. Re2+ Kd3 48. Kf4 Bd7 49. Rxe3+ Kd4 50.
h4 { Black resigns } 1-0

[Event "ICC tourney 2260 (3 2)"]
[Site "Internet Chess Club"]
[Date "2020.12.31"]
[Round "1"]
[White "pari538"]
[Black "alexsaidfeghhi"]
[Result "0-1"]
[ICCResult "White checkmated"]
[WhiteElo "1522"]
[BlackElo "1902"]
[Opening "Alekhine's defense: Scandinavian variation"]
[ECO "B02"]
[NIC "AL.10"]
[Time "12:02:53"]
[PlyCount "114"]
[TimeControl "180+2"]

1. e4 Nf6 2. Nc3 d5 3. exd5 Nxd5 4. Nxd5 Qxd5 5. Nf3 e5 6. d4 e4 7. Ne5 Be6
8. Bc4 Qa5+ 9. Bd2 Qb6 10. Bxe6 Qxe6 11. O-O Bd6 12. Re1 f5 13. Bc3 O-O 14.
f3 Bxe5 15. dxe5 exf3 16. Qxf3 Nc6 17. a3 Rad8 18. Qe3 Rd5 19. Rad1 Rfd8
20. Rxd5 Rxd5 21. a4 g6 22. Kh1 a6 23. Kg1 Rd7 24. Qg3 Re7 25. Qf4 Qd5 26.
Qg3 Nd8 27. Qf4 Ne6 28. Qd2 Qc6 29. Bb4 Rd7 30. Qc3 Qxa4 31. Ba3 Qb5 32.
Qb3 Qxb3 33. cxb3 Rd3 34. b4 Kf7 35. Kf2 Nd4 36. Re3 Rxe3 37. Kxe3 Nc2+ 38.
Kd3 Nxa3 39. bxa3 Ke6 40. Kd4 b6 41. a4 h6 42. g3 g5 43. h3 h5 44. b5 axb5
45. axb5 h4 46. gxh4 gxh4 47. Kd3 Kxe5 48. Ke3 f4+ 49. Kf3 Kf5 50. Kg2 Ke4
51. Kf2 f3 52. Ke1 Ke3 53. Kf1 f2 54. Kg2 Ke2 55. Kh2 Kf3 56. Kh1 f1=Q+ 57.
Kh2 Qg2# { White checkmated } 0-1

[Event "ICC tourney 2260 (3 2)"]
[Site "Internet Chess Club"]
[Date "2020.12.31"]
[Round "1"]
[White "realFreddyWeddy"]
[Black "TheOrcaPro"]
[Result "1-0"]
[ICCResult "Black checkmated"]
[WhiteElo "1104"]
[BlackElo "1735"]
[Opening "French: exchange variation"]
[ECO "C01"]
[NIC "FR.01"]
[Time "12:02:39"]
[PlyCount "155"]
[TimeControl "180+2"]

1. e4 e6 2. d4 d5 3. exd5 exd5 4. Nf3 Bd6 5. Bd3 Ne7 6. O-O Nbc6 7. c3 f6
8. Re1 O-O 9. Nbd2 Bg4 10. h3 Bh5 11. Qb3 Rb8 12. a4 Bf7 13. Qc2 Bg6 14.
Bxg6 Nxg6 15. Nf1 Qd7 16. Ne3 Rfe8 17. Nxd5 Rxe1+ 18. Nxe1 Re8 19. Nf3 Bf8
20. Ne3 Bd6 21. Bd2 Nf4 22. Re1 Nxh3+ 23. gxh3 Qxh3 24. Qf5 Qh6 25. Qg4 Bf4
26. Qg2 Re7 27. Nf5 Rxe1+ 28. Nxe1 Qg5 29. Qxg5 fxg5 30. Bxf4 gxf4 31. Nd3
g5 32. Kg2 Kf7 33. Nh6+ Kg6 34. Ng4 Kf5 35. Nh2 Ke4 36. Nc5+ Kd5 37. Nxb7
Kc4 38. Nc5 Nd8 39. Kf3 Kd5 40. Kg4 h6 41. Nf3 Nf7 42. Nd3 Nd6 43. Nfe5 Ke4
44. f3+ Ke3 45. Kh5 Nf5 46. Kg4 Nh4 47. a5 h5+ 48. Kxg5 Nxf3+ 49. Nxf3 Kxf3
50. Kxh5 Ke3 51. Ne5 f3 52. Nxf3 Kxf3 53. Kg5 Ke4 54. Kg4 Kd3 55. Kf4 Kc2
56. Ke5 Kxb2 57. c4 Kc3 58. Kd5 Kb4 59. c5 Kb5 60. a6 Kxa6 61. Kc6 Ka5 62.
Kxc7 Kb5 63. d5 a5 64. d6 a4 65. d7 a3 66. d8=Q a2 67. Qa8 Kxc5 68. Qxa2
Kd4 69. Qc2 Ke5 70. Qd3 Kf6 71. Qe4 Kg7 72. Qf5 Kh6 73. Qg4 Kh7 74. Qg5 Kh8
75. Kd7 Kh7 76. Ke7 Kh8 77. Kf7 Kh7 78. Qg7# { Black checkmated } 1-0

[Event "ICC tourney 2260 (3 2)"]
[Site "Internet Chess Club"]
[Date "2020.12.31"]
[Round "1"]
[White "LuckyNessLover"]
[Black "Feugon"]
[Result "0-1"]
[ICCResult "White resigns"]
[WhiteElo "1655"]
[BlackElo "1982"]
[Opening "French defense"]
[ECO "C00"]
[NIC "FR.01"]
[Time "12:02:47"]
[PlyCount "128"]
[TimeControl "180+2"]

1. e4 e6 2. Nf3 d5 3. exd5 exd5 4. d4 Nc6 5. c4 Nf6 6. Nc3 Bg4 7. Be3 dxc4
8. Bxc4 Bd6 9. h3 Bh5 10. O-O O-O 11. a3 a6 12. b4 Ne7 13. Be2 h6 14. Qd2
Nf5 15. Rac1 Nxe3 16. fxe3 Re8 17. Bd3 Qe7 18. Rce1 Bg3 19. Re2 Rad8 20. e4
c6 21. a4 Qxb4 22. Qb2 Qe7 23. a5 Qc7 24. Qb4 Bd6 25. Qa4 Bg3 26. Qc2 Bxf3
27. Rxf3 Rxd4 28. e5 Bxe5 29. Ne4 Nxe4 30. Bxe4 Red8 31. Bh7+ Kh8 32. Ref2
Rd1+ 33. Rf1 Rxf1+ 34. Rxf1 Bd4+ 35. Kh1 g6 36. Bxg6 fxg6 37. Qxg6 Qg7 38.
Qh5 Rg8 39. Qf3 c5 40. Qe2 c4 41. Qc2 c3 42. Re1 Qg6 43. Qe2 c2 44. Rc1 Rc8
45. g4 Bb2 46. Qd2 Bxc1 47. Qxc1 Qe4+ 48. Kh2 Qe5+ 49. Kg2 Qd5+ 50. Kh2
Qd6+ 51. Kg2 Rf8 52. Qxc2 Qc6+ 53. Qxc6 bxc6 54. Kg3 c5 55. Kh4 c4 56. Kh5
Kh7 57. h4 c3 58. g5 hxg5 59. hxg5 c2 60. g6+ Kg7 61. Kg5 c1=Q+ 62. Kh5
Rf5+ 63. Kg4 Qg5+ 64. Kh3 Rf4 { White resigns } 0-1

[Event "ICC tourney 2260 (3 2)"]
[Site "Internet Chess Club"]
[Date "2020.12.31"]
[Round "1"]
[White "TacoCat"]
[Black "hartej"]
[Result "0-1"]
[ICCResult "White resigns"]
[WhiteElo "1882"]
[BlackElo "1516"]
[Opening "QGD: 4.Bg5 Be7"]
[ECO "D53"]
[NIC "QO.13"]
[Time "12:02:44"]
[PlyCount "188"]
[TimeControl "180+2"]

1. d4 d5 2. c4 e6 3. Nc3 Nf6 4. Bg5 Be7 5. Nf3 a6 6. e3 h6 7. Bxf6 Bxf6 8.
cxd5 exd5 9. Qc2 c6 10. Be2 Nd7 11. h4 Nf8 12. O-O-O Bd7 13. Na4 b5 14. Nc5
g6 15. h5 g5 16. e4 Ne6 17. e5 Bg7 18. Rhe1 Qe7 19. Nxe6 Qxe6 20. Bd3 Rc8
21. Nd2 Qe7 22. Nb3 Bg4 23. f3 Bxh5 24. g4 Bg6 25. Bxg6 fxg6 26. Qxg6+ Qf7
27. Qd6 Qe7 28. Qg6+ Qf7 29. Qd3 Rf8 30. Re3 Qf4 31. Re1 Rf7 32. e6 Re7 33.
Qg6+ Kf8 34. Nc5 Qxd4 35. Nd7+ Kg8 36. R3e2 Qf4+ 37. Kb1 Rce8 38. Nc5 Qf6
39. Qh5 Rxe6 40. Nxe6 Rxe6 41. Qh2 Rxe2 42. Qxe2 Kh7 43. Qc2+ Kg8 44. Qe2
Kh7 45. Rc1 Kg8 46. Rc2 Kh7 47. Qd3+ Kg8 48. Qf5 Qxf5 49. gxf5 c5 50. Rxc5
h5 51. Rxd5 g4 52. f6 Bxf6 53. Rxh5 g3 54. Rh3 Be5 55. Kc2 Kg7 56. Rh1 Kg6
57. Rg1 Kg5 58. Kd3 Kf4 59. Ke2 Bxb2 60. Rf1 g2 61. Rg1 Kg3 62. f4 Bd4 63.
Rxg2+ Kxg2 64. f5 Kg3 65. Kd3 Bf6 66. Ke4 b4 67. Kd3 Kf4 68. Kc4 a5 69. Kb5
Bd8 70. f6 Ke5 71. f7 Be7 72. Kxa5 Kf6 73. Ka4 Kxf7 74. Kb3 Ke6 75. Kc4 Ke5
76. Kd3 Kd5 77. Kc2 Kc4 78. Kb2 Bc5 79. Kc2 Bd4 80. Kb1 Kc3 81. Kc1 Kc4 82.
Kc2 Kb5 83. Kb3 Bc5 84. Kc2 Ka4 85. Kb1 Ka3 86. Ka1 Bd4+ 87. Kb1 Bb2 88.
Kc2 Kxa2 89. Kd2 b3 90. Kd1 Be5 91. Kc1 b2+ 92. Kc2 b1=Q+ 93. Kd2 Qb3 94.
Ke2 Bf4 { White resigns } 0-1

[Event "ICC tourney 2260 (3 2)"]
[Site "Internet Chess Club"]
[Date "2020.12.31"]
[Round "1"]
[White "NL008"]
[Black "Zapateado"]
[Result "0-1"]
[ICCResult "White checkmated"]
[WhiteElo "1534"]
[BlackElo "1908"]
[Opening "Sicilian: Hungarian variation"]
[ECO "B27"]
[NIC "SI.43"]
[Time "12:02:48"]
[PlyCount "122"]
[TimeControl "180+2"]

1. e4 c5 2. Nf3 g6 3. c3 Bg7 4. d4 cxd4 5. cxd4 d5 6. e5 Bg4 7. h3 Bxf3 8.
Qxf3 e6 9. Bb5+ Nd7 10. O-O a6 11. Ba4 b5 12. Bc2 Qb6 13. Be3 Ne7 14. Nc3
Nf5 15. Rfd1 Qc7 16. b4 Qxc3 17. Bxf5 gxf5 18. Qg3 O-O 19. Rdc1 f4 20. Qg4
Qxb4 21. Bxf4 Qe7 22. Bh6 f5 23. exf6 Qxf6 24. Bxg7 Qxg7 25. Qxe6+ Qf7 26.
Qg4+ Kh8 27. Rc7 Qxf2+ 28. Kh1 Rg8 29. Qf3 Qxf3 30. gxf3 Nb6 31. Rc6 Nc4
32. Rc5 Rad8 33. a4 b4 34. a5 b3 35. Rb1 b2 36. Rxc4 dxc4 37. Rxb2 Rxd4 38.
Rc2 Re8 39. Kg2 Red8 40. Kf1 Rc8 41. Ke2 c3 42. Ke3 Rd2 43. Rxd2 cxd2 44.
Kxd2 Rc5 45. f4 Rxa5 46. Ke3 Kg7 47. Ke4 Kf6 48. h4 Ra4+ 49. Ke3 Kf5 50. h5
Rxf4 51. Kd3 a5 52. Kc3 a4 53. Kb2 Ke5 54. Ka3 Kd5 55. h6 Kc5 56. Ka2 Rf3
57. Kb2 Kc4 58. Ka2 Kb4 59. Kb2 Rf2+ 60. Ka1 Kb3 61. Kb1 Rf1# { White
checkmated } 0-1

[Event "ICC tourney 2260 (3 2)"]
[Site "Internet Chess Club"]
[Date "2020.12.31"]
[Round "2"]
[White "yogokings12"]
[Black "Aahilvalliani"]
[Result "1-0"]
[ICCResult "Black checkmated"]
[WhiteElo "1575"]
[BlackElo "813"]
[Opening "Sicilian: Marshall variation"]
[ECO "B41"]
[NIC "SI.43"]
[Time "12:15:27"]
[PlyCount "41"]
[TimeControl "180+2"]

1. e4 c5 2. Nf3 e6 3. d4 d5 4. Nc3 Nc6 5. exd5 exd5 6. Bb5 Bd7 7. dxc5 Bxc5
8. Qxd5 Bb6 9. O-O Nf6 10. Re1+ Be6 11. Bxc6+ bxc6 12. Qxc6+ Qd7 13. Qxa8+
Ke7 14. Qxh8 Ng4 15. Bg5+ f6 16. Qxg7+ Kd6 17. Rad1+ Kc6 18. Rxd7 Bxf2+ 19.
Kh1 Bxe1 20. Rc7+ Kd6 21. Qe7# { Black checkmated } 1-0

[Event "ICC tourney 2260 (3 2)"]
[Site "Internet Chess Club"]
[Date "2020.12.31"]
[Round "2"]
[White "Kokosnuss1000"]
[Black "Tombstone"]
[Result "0-1"]
[ICCResult "White resigns"]
[WhiteElo "1600"]
[BlackElo "1990"]
[Opening "Sicilian: Najdorf, Opocensky variation"]
[ECO "B92"]
[NIC "SI.10"]
[Time "12:15:25"]
[PlyCount "50"]
[TimeControl "180+2"]

1. e4 c5 2. Nf3 d6 3. Nc3 Nf6 4. d4 cxd4 5. Nxd4 a6 6. Be2 e5 7. Nb3 Be6 8.
Be3 Be7 9. O-O O-O 10. f4 Nbd7 11. f5 Bxb3 12. cxb3 Rc8 13. Rf3 Nc5 14. Rg3
Ncxe4 15. Nxe4 Nxe4 16. Rg4 Nf6 17. Rg3 Kh8 18. Qd2 d5 19. Bh6 gxh6 20.
Qxh6 Rg8 21. Rh3 Qf8 22. Qxf8 Bxf8 23. Bh5 Bc5+ 24. Kh1 Ne4 25. Bxf7 Nf2+ {
White resigns } 0-1

[Event "ICC tourney 2260 (3 2)"]
[Site "Internet Chess Club"]
[Date "2020.12.31"]
[Round "2"]
[White "chessmonkey05"]
[Black "DrKnight01"]
[Result "1-0"]
[ICCResult "Black checkmated"]
[WhiteElo "1617"]
[BlackElo "1216"]
[Opening "Ruy Lopez: old Steinitz defense"]
[ECO "C62"]
[NIC "RL.02"]
[Time "12:15:51"]
[PlyCount "33"]
[TimeControl "180+2"]

1. e4 e5 2. Nf3 Nc6 3. Bb5 d6 4. O-O Bd7 5. c3 Nf6 6. h3 a6 7. Ba4 b5 8.
Bc2 h6 9. d4 exd4 10. cxd4 g5 11. e5 dxe5 12. Re1 Nh7 13. d5 Ne7 14. Nxe5
h5 15. Nxf7 Kxf7 16. Qxh5+ Ng6 17. Qxg6# { Black checkmated } 1-0

[Event "ICC tourney 2260 (3 2)"]
[Site "Internet Chess Club"]
[Date "2020.12.31"]
[Round "2"]
[White "VirginiaGuy"]
[Black "Mozart1"]
[Result "0-1"]
[ICCResult "White resigns"]
[WhiteElo "1371"]
[BlackElo "1836"]
[Opening "Queen's pawn game"]
[ECO "D05"]
[NIC "QP.08"]
[Time "12:15:30"]
[PlyCount "36"]
[TimeControl "180+2"]

1. d4 d5 2. Nf3 Nf6 3. e3 e6 4. Bd3 Bd6 5. Nbd2 c5 6. b3 Nc6 7. Bb2 b6 8.
O-O Bb7 9. Ne5 O-O 10. f4 Qc7 11. Rf3 cxd4 12. exd4 Nb4 13. a3 Nxd3 14.
cxd3 Rfc8 15. Rc1 Qe7 16. Rf1 Bxa3 17. Bxa3 Qxa3 18. Rxc8+ Rxc8 { White
resigns } 0-1

[Event "ICC tourney 2260 (3 2)"]
[Site "Internet Chess Club"]
[Date "2020.12.31"]
[Round "2"]
[White "Supersamraat"]
[Black "Braveninja"]
[Result "1-0"]
[ICCResult "Black checkmated"]
[WhiteElo "1548"]
[BlackElo "384"]
[Opening "Queen's pawn, Mason variation"]
[ECO "D00"]
[NIC "QP.08"]
[Time "12:15:33"]
[PlyCount "41"]
[TimeControl "180+2"]

1. d4 d5 2. Bf4 Nc6 3. e3 Nf6 4. Nf3 Bf5 5. c3 e6 6. Bd3 Be7 7. Qc2 O-O 8.
Bxf5 exf5 9. Qxf5 b5 10. Ne5 Bd6 11. Nxc6 Bc5 12. Nxd8 Rfxd8 13. dxc5 Rf8
14. Bxc7 Ne8 15. Bd6 Rc8 16. Bxf8 Nd6 17. Bxd6 Rf8 18. Bxf8 g6 19. Qc8 f6
20. Qe8 f5 21. Bh6# { Black checkmated } 1-0

[Event "ICC tourney 2260 (3 2)"]
[Site "Internet Chess Club"]
[Date "2020.12.31"]
[Round "2"]
[White "Zapateado"]
[Black "ZAPPAWITS"]
[Result "1-0"]
[ICCResult "Black checkmated"]
[WhiteElo "1908"]
[BlackElo "1713"]
[Opening "Caro-Kann: anti-anti-Caro-Kann defense"]
[ECO "A11"]
[NIC "EO.64"]
[Time "12:15:32"]
[PlyCount "65"]
[TimeControl "180+2"]

1. c4 c6 2. e4 d5 3. cxd5 cxd5 4. exd5 Qxd5 5. Nc3 Qa5 6. Nf3 Nf6 7. d4 Nc6
8. d5 Nb8 9. Bc4 Bg4 10. O-O Nbd7 11. d6 e6 12. Nb5 Rc8 13. Nc7+ Rxc7 14.
dxc7 Qxc7 15. Be2 Bd6 16. h3 Bf5 17. Nd4 Bg6 18. Nb5 Bh2+ 19. Kh1 Qe5 20.
f4 Bxf4 21. Bxf4 Qxb2 22. Bd6 Ne4 23. Ba3 Ng3+ 24. Kh2 Nxf1+ 25. Bxf1 Qe5+
26. Kh1 a6 27. Nd6+ Kd8 28. Nxb7+ Kc7 29. Bd6+ Qxd6 30. Qxd6+ Kxb7 31.
Qxd7+ Kb6 32. Rc1 Be4 33. Qc7# { Black checkmated } 1-0